Map: Apoteose ER

Players

Xauri - Winner!

  • Race: Terran Terran
  • League: Master

Stalker

  • Race: Protoss Protoss
  • League: Diamond

VOD

Have the link to the VOD?

Description

Time

  • Played on: Sept. 16, 2016, 11:12 p.m.
  • Length: 12:15
Show
View Real Time Build Order
Export as new Build Order

Xauri Terran - Winner!

Build Orders: Reaper Expand, MMM Bio 

Get SALT Encoding   

  12  0:01  SCV  
  13  0:13  SCV  
  14  0:19  Supply Depot  
  14  0:27  SCV  
  15  0:40  SCV  
  15  0:42  Barracks  
  16  0:47  Refinery  
  16  0:53  SCV  
  17  1:05  SCV  
  18  1:17  SCV  
  19  1:30  Orbital Command, Reaper  
  20  1:46  Command Center  
  20  1:58  Supply Depot  
  20  1:59  SCV  
  21  2:02  Reaper  
  22  2:11  SCV  
  23  2:21  Barracks  
  23  2:27  SCV  
  24  2:32  Barracks  
  25  2:37  Reaper  
  25  2:39  SCV  
  25  2:42  Refinery  
  26  2:51  SCV  
  27  3:03  SCV  
  28  3:10  Marine  
  29  3:12  Factory  
  29  3:19  Orbital Command  
  29  3:21  SCV  
  29  3:24  Bunker, Marine  
  31  3:28  Marine  
  31  3:33  SCV  
  33  3:45  Barracks  
  33  3:46  Barracks Tech Lab, SCV, Marine  
  35  3:50  SCV  
  36  3:58  SCV  
  36  4:00  Widow Mine  
  36  4:02  SCV  
  40  4:06  Stimpack  
  40  4:07  Marine  
  41  4:10  SCV  
  41  4:12  Supply Depot  
  41  4:14  SCV, Marine  
  44  4:19  Supply Depot  
  44  4:22  SCV  
  45  4:26  SCV  
  46  4:33  Widow Mine, Marine  
  46  4:34  SCV  
  50  4:39  SCV  
  50  4:42  Barracks Tech Lab  
  50  4:45  Engineering Bay x2  
  51  4:49  Barracks, SCV  
  51  4:52  Barracks Reactor  
  52  4:56  Marine  
  52  4:57  SCV  
  54  5:03  Command Center  
  54  5:09  Barracks Reactor, Marine  
  54  5:10  Starport  
  55  5:15  SCV  
  55  5:18  Terran Infantry Weapons Level 1, Terran Infantry Armor Level 1  
  55  5:19  SCV  
  57  5:22  Factory Reactor, Supply Depot  
  57  5:25  Combat Shields  
  57  5:29  Marine x3  
  57  5:30  SCV  
  61  5:37  Barracks Reactor  
  61  5:41  Supply Depot, SCV  
  61  5:42  Supply Depot  
  62  5:44  SCV  
  62  5:47  Refinery  
  62  5:48  Refinery  
  63  5:51  Marine x2  
  63  5:53  SCV  
  66  5:57  Barracks Reactor  
  66  5:58  Supply Depot, Marine x2  
  66  6:00  SCV  
  69  6:05  SCV  
  69  6:07  Concussive Shells  
  69  6:09  Medivac  
  72  6:16  Marine  
  72  6:17  Orbital Command  
  73  6:21  Medivac  
  73  6:24  Marine x2  
  77  6:28  Supply Depot x2, Marine  
  77  6:30  Supply Depot  
  78  6:34  Armory, Marine  
  78  6:35  Marine x2  
  78  6:37  Widow Mine  
  83  6:43  Marine  
  83  6:48  Medivac  
  83  6:51  Medivac  
  87  6:56  Orbital Command  
  87  6:57  Marine x2  
  87  6:58  Marauder x2  
  93  7:06  Barracks  
  93  7:07  SCV  
  94  7:11  Marine x2  
  97  7:15  SCV  
  97  7:19  Marauder  
  100  7:22  SCV  
  100  7:26  Marauder, Marine x3  
  105  7:31  Medivac  
  105  7:33  Medivac  
  105  7:35  SCV  
  105  7:36  SCV  
  111  7:40  Marauder  
  111  7:42  Terran Infantry Weapons Level 2  
  113  7:46  SCV  
  109  8:02  Marine  
  109  8:03  Barracks Tech Lab, Marauder x2, Marine  
  114  8:06  Medivac x2  
  114  8:08  Widow Mine  
  114  8:09  SCV  
  121  8:16  Refinery x2  
  121  8:30  Marine  
  122  8:36  Marine x2  
  122  8:37  SCV  
  125  8:47  Widow Mine x2  
  129  8:49  Marine x2  
  129  8:50  Factory, Marauder  
  133  8:58  Supply Depot  
  133  9:00  Supply Depot  
  133  9:03  Supply Depot  
  133  9:07  Terran Infantry Armor Level 2  
  132  9:18  Medivac  
  132  9:20  Medivac, Marauder, Marine  
  132  9:22  Marine x4  
  132  9:23  Marauder x2  
  145  9:26  Marine  
  142  9:38  Marine  
  123  9:41  Marauder, Marine x2  
  123  9:42  Liberator, Marine  
  123  9:43  Marine  
  123  9:44  Marauder  
  126  9:48  Marine x2  
  126  9:51  Medivac  
  130  9:56  SCV x2  
  130  9:57  SCV  
  136  10:04  Liberator  
  135  10:08  SCV  
  128  10:19  Marauder, Marine x2  
  128  10:20  Marauder  
  127  10:29  SCV  
  127  10:30  SCV x2  
  127  10:32  Widow Mine x2  
  134  10:35  Factory Tech Lab  
  134  10:41  SCV  
  134  10:42  SCV x2  
  137  10:43  Command Center  
  137  10:49  Marine  
  129  10:56  Marine x2  
  129  10:57  Marine x2, Marauder x2  
  121  10:58  Marauder  
  121  10:59  Marine  
  121  11:01  Widow Mine, Liberator  
  121  11:02  Widow Mine  
  128  11:07  Marine  
  124  11:14  Marine x2  
  124  11:15  Marine x2  
  124  11:18  Marauder x2  
  132  11:19  Marauder  
  134  11:28  Marine x2  
  134  11:29  SCV x3  
  134  11:32  Marine  
  140  11:37  Marine x2  
  140  11:39  Marauder x2  
  146  11:41  Marauder  
  146  11:42  Marine  
  146  11:43  Widow Mine  
Show
View Real Time Build Order
Export as new Build Order

Stalker Protoss 

Build Orders:  

Get SALT Encoding   

  12  0:02  Probe (Chrono Boost)  
  13  0:12  Probe (Chrono Boost)  
  14  0:17  Pylon  
  14  0:25  Probe (Chrono Boost)  
  16  0:35  Probe (Chrono Boost)  
  16  0:38  Gateway  
  16  0:46  Probe (Chrono Boost)  
  16  0:49  Assimilator  
  17  0:57  Probe (Chrono Boost)  
  18  1:07  Probe (Chrono Boost)  
  19  1:22  Zealot  
  19  1:25  Cybernetics Core  
  19  1:30  Assimilator  
  21  1:35  Pylon  
  22  1:40  Probe (Chrono Boost)  
  23  1:57  Zealot  
  24  2:02  Mothership Core (Chrono Boost)  
  26  2:20  Probe (Chrono Boost)  
  27  2:31  Probe (Chrono Boost)  
  27  2:34  Warp Gate  
  28  2:38  Nexus  
  28  2:41  Probe (Chrono Boost)  
  26  3:02  Probe (Chrono Boost)  
  26  3:12  Probe (Chrono Boost)  
  26  3:15  Stalker  
  28  3:23  Probe (Chrono Boost)  
  29  3:33  Probe (Chrono Boost)  
  28  3:44  Probe (Chrono Boost)  
  29  3:48  Robotics Facility  
  29  3:54  Probe (Chrono Boost), Stalker  
  32  4:01  Probe (Chrono Boost)  
  33  4:05  Probe (Chrono Boost)  
  34  4:12  Probe (Chrono Boost)  
  34  4:15  Gateway  
  35  4:19  Probe (Chrono Boost)  
  36  4:24  Twilight Council  
  36  4:27  Probe (Chrono Boost)  
  37  4:34  Pylon  
  37  4:41  Probe (Chrono Boost)  
  38  4:46  Observer  
  38  4:47  Stalker  
  38  4:51  Probe x2 (Chrono Boost)  
  42  4:58  Blink  
  42  5:01  Probe (Chrono Boost)  
  42  5:02  Probe (Chrono Boost)  
  44  5:12  Probe (Chrono Boost), Pylon  
  45  5:16  Probe (Chrono Boost)  
  45  5:19  Stalker  
  48  5:23  Probe (Chrono Boost)  
  48  5:26  Probe (Chrono Boost)  
  50  5:29  Warp Prism  
  50  5:33  Probe (Chrono Boost)  
  53  5:38  Probe (Chrono Boost), Pylon  
  54  5:43  Stalker  
  54  5:47  Probe (Chrono Boost)  
  54  5:48  Probe (Chrono Boost)  
  58  5:54  Gateway  
  58  5:57  Probe (Chrono Boost)  
  58  5:58  Assimilator  
  58  6:01  Probe (Chrono Boost)  
  60  6:11  Probe (Chrono Boost)  
  60  6:13  Probe (Chrono Boost)  
  60  6:14  Stalker x2  
  66  6:22  Probe (Chrono Boost)  
  66  6:25  Probe (Chrono Boost)  
  68  6:34  Probe (Chrono Boost)  
  68  6:37  Probe (Chrono Boost)  
  68  6:38  Nexus  
  70  6:41  Pylon  
  70  6:47  Templar Archives, Pylon  
  70  6:50  Resonating Glaives  
  70  6:52  Pylon  
  70  6:55  Assimilator  
  70  7:01  Probe (Chrono Boost)  
  71  7:03  Forge  
  71  7:05  Forge  
  71  7:06  Observer  
  72  7:10  Adept x2  
  72  7:13  Adept  
  78  7:16  Probe (Chrono Boost)  
  78  7:18  Probe (Chrono Boost)  
  79  7:27  Probe (Chrono Boost)  
  80  7:30  Probe (Chrono Boost)  
  80  7:32  Psionic Storm  
  80  7:37  Gateway, Probe (Chrono Boost)  
  80  7:39  Gateway  
  80  7:42  Adept  
  83  7:44  Adept  
  83  7:48  Probe (Chrono Boost)  
  83  7:49  Probe (Chrono Boost)  
  85  8:01  Probe (Chrono Boost)  
  85  8:02  Protoss Ground Weapons Level 1, Protoss Ground Armor Level 1  
  85  8:03  Probe (Chrono Boost)  
  85  8:05  Probe (Chrono Boost)  
  88  8:07  Immortal  
  88  8:11  Assimilator  
  88  8:12  Probe (Chrono Boost)  
  93  8:14  Assimilator  
  93  8:16  Sentry x3  
  100  8:20  Probe (Chrono Boost)  
  100  8:21  Probe (Chrono Boost)  
  99  8:34  Probe (Chrono Boost)  
  99  8:36  Probe (Chrono Boost), Pylon  
  99  8:37  Pylon  
  99  8:41  High Templar x3  
  105  8:44  Probe (Chrono Boost)  
  108  8:54  Adept x2  
  112  9:01  Gateway  
  112  9:02  Gateway  
  112  9:04  Gateway  
  112  9:10  Nexus  
  112  9:11  Probe (Chrono Boost)  
  112  9:12  Probe (Chrono Boost)  
  112  9:13  Pylon  
  112  9:15  Adept  
  112  9:16  Adept x3  
  122  9:18  Adept  
  118  9:30  Pylon  
  118  9:31  Observer  
  118  9:32  Pylon  
  118  9:38  Adept x5  
  109  9:51  Probe (Chrono Boost)  
  107  9:52  Probe (Chrono Boost)  
  107  9:58  Adept  
  109  10:00  Adept x4  
  109  10:03  Assimilator  
  117  10:08  Stalker x3  
  117  10:10  Assimilator  
  117  10:12  Observer  
  120  10:22  Photon Cannon  
  120  10:26  Adept x2  
  120  10:27  Adept x2  
  116  10:28  Photon Cannon  
  116  10:36  Robotics Facility  
  116  10:38  High Templar  
  116  10:39  High Templar x3, Pylon  
  124  10:46  Pylon  
  122  10:51  Archon  
  122  10:52  Archon  
  114  11:00  Adept x3  
  114  11:01  Adept  
  114  11:02  Immortal  
  87  11:12  Adept x2  
  85  11:22  Adept  
  85  11:23  Adept x5  
  87  11:32  Immortal  
  86  11:38  High Templar x2  
  79  11:41  Pylon  
  79  11:44  Archon  
  79  11:46  Adept  
  79  11:47  Adept x2  
  77  12:00  Adept x3  
  71  12:08  High Templar  
Tags
 
Composition
MMM Bio
Matchup
PvT
Other
Dhzone
Replay Pack
Protoss LADDER
Add a new tag
Caveats
  • Supply blocks, unpowered buildings, or Contaminate may cause inaccurate times.
  • Supply counts are checked every 10 seconds.